 Dungeon Crawl Stone Soup version 0.19-a0-1767-gb375097 (webtiles) character file.

1593 onono the Basher (level 8, -17/78 HPs)
             Began as a Gargoyle Berserker on Oct 1, 2016.
             Was a Priest of Trog.
             Demolished by vetinari's ghost (30 damage)
             ... in a bailey.
             The game lasted 00:12:39 (5063 turns).

onono the Basher (Gargoyle Berserker)               Turns: 5063, Time: 00:12:40

Health: -17/78     AC: 15    Str: 27    XL:     8   Next: 93%
Magic:  8/8        EV: 10    Int:  7    God:    Trog [***...]
Gold:   321        SH:  0    Dex: 11    Spells: 0 memorised, 7 levels left

rFire  . . .     SeeInvis .     A - +4 flail
rCold  . . .     Gourm    .     L - +0 scale mail
rNeg   + . .     Faith    .     (no shield)
rPois  ∞         Spirit   .     E - +0 helmet (curse)
rElec  +         Dismiss  .     x - +0 cloak
rCorr  +         Reflect  .     l - +0 pair of gloves
MR     .....     Harm     +     (no boots)
Stlth  ..........               n - amulet of harm
                                t - ring of flight
                                s - ring of resist corrosion

@: berserking (expiring), very quick
A: negative energy resistance 1, electricity resistance, unbreathing,
petrification resistance, rot immunity, AC +5
a: Berserk, Trog's Hand, Burn Spellbooks, Renounce Religion, Evoke Flight


You were in a bailey.
You worshipped Trog.
Trog was most pleased with you.
You were not hungry.

You visited 1 branch of the dungeon, and saw 8 of its levels.
You also visited: Bailey.

You collected 346 gold pieces.
You spent 25 gold pieces at shops.

Inventory:

Hand Weapons
 A - a +4 flail (weapon)
Armour
 l - a +0 pair of gloves (worn)
 x - a +0 cloak (worn)
 E - a cursed +0 helmet (worn)
 L - a +0 scale mail (worn)
Jewellery
 k - a +3 ring of dexterity
 n - an amulet of harm (around neck)
 p - an uncursed amulet of guardian spirit {unknown}
 s - a ring of resist corrosion (left hand)
 t - a ring of flight (right hand)
 y - an uncursed ring of positive energy
 z - a +3 ring of protection
 H - an uncursed amulet of regeneration {unknown}
Wands
 C - a wand of confusion (44/48)
Scrolls
 i - 4 scrolls of remove curse
 F - 2 scrolls of recharging
Potions
 a - a potion of ambrosia {unknown}
 b - a potion of berserk rage {unknown}
 d - a potion of magic
 e - a potion of heal wounds
 j - 2 potions of brilliance
 q - 3 potions of curing
 r - 2 potions of flight
 u - a potion of haste
 w - 2 potions of resistance
 D - a potion of lignification {unknown}
Comestibles
 c - 3 bread rations
 f - 7 fruits
 g - a chunk of flesh
 o - 6 meat rations


   Skills:
 - Level 6.8 Fighting
 * Level 9.6 Maces & Flails
 + Level 3.5 Armour
 - Level 1.5 Dodging


You had 7 spell levels left.
You didn't know any spells.

Dungeon Overview and Level Annotations

Branches:
Dungeon (10/15)            Temple (0/1) D:4             Orc (0/2) D:10
   Lair: D:8-11

Altars:
Cheibriados
Hepliaklqana
Kikubaaqudgha
Okawaru
Qazlal
Xom
Beogh

Shops:
D:6 *=(   D:10 [

Annotations:
Bailey vetinari's ghost, novice TrMo


Innate Abilities, Weirdness & Mutations

You are resistant to torment.
Your stone body is resilient. (AC +5)
You are immune to poison.
You resist negative energy. (rN+)
You are resistant to electric shocks. (rElec)
You can survive without breathing.
You are immune to petrification.
You are immune to rotting.


Message History

Vetinari's ghost is lightly damaged.
You closely miss vetinari's ghost.
Vetinari's ghost is lightly damaged.
Vetinari's ghost hits you!!
* * * LOW HITPOINT WARNING * * *
You bludgeon vetinari's ghost!!
Vetinari's ghost is moderately damaged.
Vetinari's ghost closely misses you.
You completely miss vetinari's ghost.
Vetinari's ghost is moderately damaged.
You sock vetinari's ghost!
Vetinari's ghost is heavily damaged.
Vetinari's ghost hits you.
* * * LOW HITPOINT WARNING * * *
You sock vetinari's ghost!
Vetinari's ghost is severely damaged.
You barely miss vetinari's ghost.
Vetinari's ghost is severely damaged.
Vetinari's ghost hits you!!
You die...

#########
##≈≈≈≈≈≈≈##
##≈≈≈$$$≈≈≈##
###≈≈⌠.)$..⌠≈≈####
≈≈≈≈.))).....≈≈≈≈#
....))≈≈≈≈≈....W@#
....)≈≈...≈≈.....#
..≈.≈≈.≈.≈.≈≈.≈..+
.≈≈.≈.≈≈.≈≈o≈.≈≈.#
.≈.≈≈.≈...≈.≈≈.≈.#
.≈.≈.≈≈...≈≈.≈.≈.#
.≈.≈.≈.⌠∩⌠.≈.≈.≈.#
.≈.≈.≈..∩..≈.≈.≈.#
.≈.≈.≈.⌠∩⌠.≈.≈o≈


You could see vetinari's ghost and an orc.

Vanquished Creatures
  2 sky beasts
  An ice beast (D:6)
  4 ogres
  2 centaurs
  2 bullfrogs
  A bullfrog zombie (D:6)
  A bullfrog skeleton (D:6)
  2 hounds
  An iron imp (D:5)
  An orc priest (D:4)
  A centaur skeleton (D:5)
  4 orc wizards
  3 iguanas
  4 worker ants
  9 adders
  A shadow imp (D:5)
  An adder skeleton (D:7)
  2 dart slugs
  3 leopard geckos
  27 orcs
  7 bats
  5 giant cockroaches
  5 goblins
  4 hobgoblins
  A quokka (D:3)
  6 frilled lizards
  5 kobolds
  7 rats
112 creatures vanquished.

Notes
Turn   | Place    | Note
-------+----------+-------------------------------------------
     0 | D:1      | onono the Gargoyle Berserker began the quest for the Orb.
     0 | D:1      | Reached XP level 1. HP: 14/14 MP: 1/1
    37 | D:1      | Upgraded the game from 0.19-a0-1738-gbb2db12 to 0.19-a0-1767-gb375097
   205 | D:1      | Reached XP level 2. HP: 19/19 MP: 2/2
   587 | D:2      | Found a hazy altar of Hepliaklqana.
   805 | D:2      | Reached skill level 4 in Maces & Flails
   810 | D:2      | Reached XP level 3. HP: 23/23 MP: 3/3
  1410 | D:3      | Reached XP level 4. HP: 25/28 MP: 4/4
  1434 | D:3      | Found a snail-covered altar of Cheibriados.
  1455 | D:3      | Reached ** piety under Trog
  1455 | D:3      | Reached skill level 5 in Maces & Flails
  1650 | D:3      | Reached XP level 5. HP: 29/33 MP: 5/5
  1809 | D:3      | Found a stormy altar of Qazlal.
  2118 | D:4      | Noticed an ogre
  2122 | D:4      | Killed an ogre
  2122 | D:4      | Reached XP level 6. HP: 39/39 MP: 6/6
  2193 | D:4      | Noticed a sky beast
  2217 | D:4      | Killed a sky beast
  2217 | D:4      | Reached skill level 6 in Maces & Flails
  2355 | D:4      | Found a staircase to the Ecumenical Temple.
  2567 | D:4      | Found a roughly hewn altar of Beogh.
  2574 | D:4      | Reached skill level 5 in Fighting
  2707 | D:4      | Reached XP level 7. HP: 28/44 MP: 7/7
  2808 | D:4      | Found an ancient bone altar of Kikubaaqudgha.
  2936 | D:5      | Entered Level 5 of the Dungeon
  2974 | D:5      | Found an iron altar of Okawaru.
  3111 | D:5      | Reached skill level 7 in Maces & Flails
  3696 | D:5      | Found a snail-covered altar of Cheibriados.
  4202 | D:5      | Reached *** piety under Trog
  4206 | D:5      | Reached skill level 8 in Maces & Flails
  4206 | D:5      | Reached XP level 8. HP: 51/51 MP: 8/8
  4483 | D:6      | Found Vodgh's Jewellery Boutique.
  4723 | D:6      | Found Eminwong's Assorted Antiques.
  4733 | D:6      | Bought a red potion for 25 gold pieces
  4761 | D:6      | Reached skill level 9 in Maces & Flails
  4816 | D:6      | Found Wetahan's Weapon Shop.
  4961 | D:7      | Found a shimmering altar of Xom.
  4963 | D:7      | Found a shimmering altar of Xom.
  4973 | D:7      | You fall through a shaft for 3 floors!
  4973 | D:10     | Entered Level 10 of the Dungeon
  4976 | D:10     | Noticed a yak
  4976 | D:10     | Noticed a yak
  4980 | D:10     | Found Argholue's Armour Emporium.
  4980 | D:10     | Found a staircase to the Orcish Mines.
  4986 | D:10     | Found a flagged portal.
  4993 | Bailey   | Entered a bailey
  5039 | Bailey   | Noticed vetinari's ghost (novice TrMo)
  5063 | Bailey   | Demolished by vetinari's ghost

Vault maps used:
D:1:      dpeg_arrival_orchard, minmay_pentomino_p2
D:2:      nicolae_overflow_hidden_temple, first_bread
D:3:      nicolae_overflow_crystal_walls, lemuel_coloured_pillars_altar,
          minmay_liquid_box
D:4:      lemuel_doored_altar, kennysheep_orc_chapel
D:5:      kennysheep_okawaru_gauntlet, corexii_leaking_fountain,
          chei_slow_surprise
D:6:      serial_shops, nicolae_shop_behind_doors,
          nicolae_shop_overgrown_old_shop, shop
D:7:      nicolae_dithmenos_shadow_blocks, xom_redecorated, grunt_livestock,
          corexii_item_surrounded_by_moat
D:10:     statuecave_lemuel, orc_david_3, enter_bailey_1, uniq_fannar
Bailey:   bailey_polearm_flooded_kennysheep, bailey

Skill      XL: |  1  2  3  4  5  6  7  8 |
---------------+-------------------------+-----
Maces & Flails | 4 5 6 8 9 |  9.6
Fighting       | 4 5 6 |  6.8
Armour         | 3 |  3.5
Dodging        | |  1.5

Action                   |  1- 3 |  4- 6 |  7- 9 || total
-------------------------+-------+-------+-------++-------
Melee: Mace              |    85 |    57 |       ||   142
       Flail             |       |    41 |   164 ||   205
Invok: Berserk           |     1 |     4 |     7 ||    12
 Abil: Evoke Flight      |       |       |     2 ||     2
Evoke: Wand              |       |       |     2 ||     2
  Use: Scroll            |       |       |    18 ||    18
  Eat: Chunk             |     2 |     9 |    12 ||    23
       Fruit             |       |       |     1 ||     1
       Beef jerky        |       |       |     1 ||     1
Armor: Animal skin       |    42 |    38 |    49 ||   129
       Scale mail        |       |       |    36 ||    36
Dodge: Dodged            |    74 |    72 |   147 ||   293
